SAA
LANCASTER FARMERS @ IRVING BLUE SOX
07/16/2037
 
TOP OF THE 1ST
Lancaster Farmers batting - Pitching for Irving Blue Sox : RHP Joe Holland
Pitching: RHP Joe Holland
Batting: LHB Puck Schit 0-0: Ball
1-0: Swinging Strike
1-1: Called Strike
1-2: Fly out, F8 (Flyball, 8RS, EV 87.5 MPH)
Batting: LHB Fernando Sandoval 0-0: Ball
1-0: Foul Ball, location: 2F
1-1: Foul Ball, location: 2F
1-2: Ball
2-2: DOUBLE (Line Drive, 7LM, EV 104.4 MPH)
Batting: RHB Curf Pierstisnips 0-0: Ball
1-0: Ball
2-0: SINGLE (Line Drive, 56D, EV 96.9 MPH)
Fernando Sandoval to third
Runner from 3rd tries for Home, SAFE, throw by LF to home
Batting: SHB Ray Carey 0-0: Called Strike
0-1: Called Strike
0-2: Ball
1-2: Fielders Choice at 2nd, 3-6 (Groundball, 3, EV 82.5 MPH)
Batting: RHB Álex Chávez 0-0: Called Strike
0-1: Ball
1-1: Ball
2-1: Called Strike
2-2: Foul Ball, location: 2F
2-2: Strikes out swinging
Top of the 1st over - 1 run, 2 hits, 0 errors, 1 left on base; Lancaster 1 - Irving 0
BOTTOM OF THE 1ST
Irving Blue Sox batting - Pitching for Lancaster Farmers : RHP Derek Fisher
Pitching: RHP Derek Fisher
Batting: LHB Mitchell Pate 0-0: Foul Ball, location: 2F
0-1: Called Strike
0-2: Ball
1-2: SINGLE (Line Drive, 8LS, EV 103.8 MPH)
Batting: LHB António Escobeda 0-0: Ball
1-0: Foul Ball, location: 2F
1-1: Ball
2-1: Ball
3-1: Fielders Choice at 2nd, 3-6 (Groundball, 34S, EV 86.9 MPH)
Batting: LHB Ánibal Leobardo 0-0: Ball
Wild Pitch!
António Escobeda to second
1-0: Called Strike
1-1: Ball
2-1: SINGLE (Line Drive, 8RS, EV 101.2 MPH)
António Escobeda to third
Runner from 3rd tries for Home, SAFE, throw by CF to home
Ánibal Leobardo to second
Batting: SHB Govaart Baars 0-0: Foul Ball, location: 2F
0-1: Ball
1-1: SINGLE (Line Drive, 34D, EV 96.2 MPH)
Ánibal Leobardo to third
Runner from 3rd tries for Home, SAFE, throw by RF to home
Batting: RHB Broderick Sarcoma 0-0: Foul Ball, location: 2F
0-1: Ball
1-1: Ball
2-1: Swinging Strike
2-2: Fly out, F8 (Line Drive, 8RM, EV 92.5 MPH)
Batting: RHB Juan Perales 0-0: Called Strike
0-1: Ball
1-1: Called Strike
1-2: Ball
2-2: Ball
3-2: Foul Ball, location: 2F
3-2: Base on Balls
Govaart Baars to second
Batting: SHB Franck Kooijmans 0-0: Ball
1-0: Foul Ball, location: 2F
1-1: Ball
2-1: Swinging Strike
2-2: Fly out, F8 (Flyball, 78M, EV 88.8 MPH)
Bottom of the 1st over - 2 runs, 3 hits, 0 errors, 2 left on base; Lancaster 1 - Irving 2
TOP OF THE 2ND
Lancaster Farmers batting - Pitching for Irving Blue Sox : RHP Joe Holland
Batting: RHB Cord Hosenbeck 0-0: Ball
1-0: Called Strike
1-1: Ball
2-1: Foul Ball, location: 2F
2-2: Hit by Pitch
Batting: LHB Bryan Decker 0-0: Called Strike
0-1: Called Strike
0-2: Ball
1-2: Fly out, F8 (Line Drive, 8LD, EV 90.6 MPH)
Batting: RHB Eibe Schmidt 0-0: Ball
1-0: Grounds into double play, 5-4-3 (Groundball, 56, EV 85.0 MPH)
Top of the 2nd over - 0 runs, 0 hits, 0 errors, 0 left on base; Lancaster 1 - Irving 2
BOTTOM OF THE 2ND
Irving Blue Sox batting - Pitching for Lancaster Farmers : RHP Derek Fisher
Batting: RHB José García 0-0: Ball
1-0: SINGLE (Flyball, 7S, EV 86.2 MPH)
Batting: RHB Francis Osborne 0-0: Called Strike
0-1: Foul Ball, location: 2F
0-2: Ball
1-2: Strikes out swinging
Batting: LHB Mitchell Pate 0-0: Ball
1-0: Ball
2-0: Ball
3-0: Base on Balls
José García to second
Batting: LHB António Escobeda 0-0: Foul Ball, location: 2F
0-1: Ball
1-1: SINGLE (Groundball, 56, EV 102.5 MPH) (infield hit)
José García to third
Mitchell Pate to second
Batting: LHB Ánibal Leobardo 0-0: Swinging Strike
0-1: Foul Ball, location: 2F
0-2: Strikes out swinging
Batting: SHB Govaart Baars 0-0: Called Strike
0-1: Ball
1-1: Ball
2-1: Fielders Choice at 2nd, 6-4 (Groundball, 6, EV 81.9 MPH)
Bottom of the 2nd over - 0 runs, 2 hits, 0 errors, 3 left on base; Lancaster 1 - Irving 2
TOP OF THE 3RD
Lancaster Farmers batting - Pitching for Irving Blue Sox : RHP Joe Holland
Batting: RHB Joshua Cadaval 0-0: Ball
1-0: Called Strike
1-1: DOUBLE (Line Drive, 89D, EV 105.0 MPH)
Batting: LHB Puck Schit 0-0: Ball
1-0: Ball
2-0: Called Strike
2-1: Fly out, F9 (Flyball, 9LS, EV 88.1 MPH)
Batting: LHB Fernando Sandoval 0-0: Ground out 4-3 (Groundball, 4, EV 78.8 MPH)
Joshua Cadaval to third
Batting: RHB Curf Pierstisnips 0-0: Swinging Strike
0-1: DOUBLE (Line Drive, 89XD, EV 100.6 MPH)
Joshua Cadaval scores
Batting: SHB Ray Carey 0-0: Ball
1-0: Called Strike
1-1: Fly out, F7 (Line Drive, 7, EV 98.1 MPH)
Top of the 3rd over - 1 run, 2 hits, 0 errors, 1 left on base; Lancaster 2 - Irving 2
BOTTOM OF THE 3RD
Irving Blue Sox batting - Pitching for Lancaster Farmers : RHP Derek Fisher
Batting: RHB Broderick Sarcoma 0-0: Called Strike
0-1: Ball
1-1: Called Strike
1-2: Strikes out swinging, 2-3 out at first.
Batting: RHB Juan Perales 0-0: DOUBLE (Groundball, 5L, EV 107.5 MPH)
Batting: SHB Franck Kooijmans 0-0: Ball
1-0: Ball
2-0: Called Strike
2-1: Called Strike
2-2: Foul Ball, location: 2F
2-2: Ball
3-2: Foul Ball, location: 2F
3-2: Fly out, F7 (Flyball, 78M, EV 85.0 MPH)
Batting: RHB José García 0-0: Called Strike
0-1: Ground out 3-1 (Groundball, 34, EV 101.2 MPH)
Bottom of the 3rd over - 0 runs, 1 hit, 0 errors, 1 left on base; Lancaster 2 - Irving 2
TOP OF THE 4TH
Lancaster Farmers batting - Pitching for Irving Blue Sox : RHP Joe Holland
Batting: RHB Álex Chávez 0-0: Called Strike
0-1: Ground out 6-3 (Groundball, 6, EV 89.4 MPH)
Batting: RHB Cord Hosenbeck 0-0: Ball
1-0: Ball
2-0: Called Strike
2-1: Fly out, F2 (Popup, 2RF, EV 91.2 MPH)
Batting: LHB Bryan Decker 0-0: Ground out 4-3 (Groundball, 34D, EV 101.2 MPH)
Top of the 4th over - 0 runs, 0 hits, 0 errors, 0 left on base; Lancaster 2 - Irving 2
BOTTOM OF THE 4TH
Irving Blue Sox batting - Pitching for Lancaster Farmers : RHP Derek Fisher
Batting: RHB Francis Osborne 0-0: SINGLE (Line Drive, 78S, EV 86.2 MPH)
Batting: LHB Mitchell Pate 0-0: Foul Ball, location: 2F
0-1: SINGLE (Groundball, 4MD, EV 98.8 MPH)
Francis Osborne to second
Batting: LHB António Escobeda 0-0: Ball
1-0: Ball
2-0: Grounds into double play, 3-6-3 (Groundball, 34, EV 86.2 MPH)
Francis Osborne to third
Batting: LHB Ánibal Leobardo 0-0: Ball
1-0: Swinging Strike
1-1: Foul Ball, location: 2F
1-2: Strikes out swinging
Bottom of the 4th over - 0 runs, 2 hits, 0 errors, 1 left on base; Lancaster 2 - Irving 2
TOP OF THE 5TH
Lancaster Farmers batting - Pitching for Irving Blue Sox : RHP Joe Holland
Batting: RHB Eibe Schmidt 0-0: Called Strike
0-1: Swinging Strike
0-2: Hit by Pitch
Batting: RHB Joshua Cadaval 0-0: Ball
1-0: Grounds into double play, 5-4-3 (Groundball, 56, EV 100.0 MPH)
Batting: LHB Puck Schit 0-0: Called Strike
0-1: Ball
1-1: Foul Ball, location: 2F
1-2: Ball
2-2: Ground out U3 (Groundball, 3L, EV 83.1 MPH)
Top of the 5th over - 0 runs, 0 hits, 0 errors, 0 left on base; Lancaster 2 - Irving 2
BOTTOM OF THE 5TH
Irving Blue Sox batting - Pitching for Lancaster Farmers : RHP Derek Fisher
Batting: SHB Govaart Baars 0-0: Foul Ball, location: 2F
0-1: Ball
1-1: Ball
2-1: Swinging Strike
2-2: Ball
3-2: Foul Ball, location: 2F
3-2: Strikes out swinging
Batting: RHB Broderick Sarcoma 0-0: Ball
1-0: Swinging Strike
1-1: Ball
2-1: Swinging Strike
2-2: Foul Ball, location: 2F
2-2: Ball
3-2: Foul Ball, location: 2F
3-2: Ground out 5-3 (Groundball, 56S, EV 83.1 MPH)
Batting: RHB Juan Perales 0-0: Ball
1-0: Foul Ball, location: 2F
1-1: Called Strike
1-2: Ground out 6-3 (Groundball, 56, EV 82.5 MPH)
Bottom of the 5th over - 0 runs, 0 hits, 0 errors, 0 left on base; Lancaster 2 - Irving 2
TOP OF THE 6TH
Lancaster Farmers batting - Pitching for Irving Blue Sox : RHP Joe Holland
Batting: LHB Fernando Sandoval 0-0: Ball
1-0: Ball
2-0: Ball
3-0: Called Strike
3-1: Foul Ball, location: 2F
3-2: Strikes out looking
Batting: RHB Curf Pierstisnips 0-0: Fly out, F8 (Flyball, 8RXD, EV 99.4 MPH)
Batting: SHB Ray Carey 0-0: Foul Ball, location: 2F
0-1: Foul Ball, location: 2F
0-2: Strikes out swinging
Top of the 6th over - 0 runs, 0 hits, 0 errors, 0 left on base; Lancaster 2 - Irving 2
BOTTOM OF THE 6TH
Irving Blue Sox batting - Pitching for Lancaster Farmers : RHP Derek Fisher
Batting: SHB Franck Kooijmans 0-0: Called Strike
0-1: Ground out 4-3 (Groundball, 4S, EV 73.8 MPH)
Batting: RHB José García 0-0: Ball
1-0: Ball
2-0: Ground out 5-3 (Groundball, 5S, EV 73.8 MPH)
Batting: RHB Francis Osborne 0-0: Called Strike
0-1: Fly out, F9 (Flyball, 9D, EV 101.2 MPH)
Bottom of the 6th over - 0 runs, 0 hits, 0 errors, 0 left on base; Lancaster 2 - Irving 2
TOP OF THE 7TH
Lancaster Farmers batting - Pitching for Irving Blue Sox : RHP Joe Holland
Batting: RHB Álex Chávez 0-0: Called Strike
0-1: Ball
1-1: Foul Ball, location: 2F
1-2: Ball
2-2: Foul Ball, location: 2F
2-2: Fly out, F4 (Line Drive, 4, EV 66.2 MPH)
Batting: RHB Cord Hosenbeck 0-0: Foul Ball, location: 2F
0-1: Ground out 4-3 (Groundball, 4, EV 110.0 MPH)
Batting: LHB Bryan Decker 0-0: Ball
1-0: Called Strike
1-1: Ball
2-1: Foul Ball, location: 2F
2-2: Foul Ball, location: 2F
2-2: Ball
3-2: Strikes out swinging
Top of the 7th over - 0 runs, 0 hits, 0 errors, 0 left on base; Lancaster 2 - Irving 2
BOTTOM OF THE 7TH
Irving Blue Sox batting - Pitching for Lancaster Farmers : RHP Derek Fisher
Pitching: RHP Tung-chi Ran
Batting: LHB Mitchell Pate 0-0: Foul Ball, location: 2F
0-1: Ball
1-1: Ground out 3-1 (Groundball, 34, EV 98.8 MPH)
Batting: LHB António Escobeda 0-0: Foul Ball, location: 2F
0-1: Foul Ball, location: 2RF, Error on foul ball, E2
0-2: SINGLE (Groundball, 5D, EV 105.0 MPH)
Batting: LHB Ánibal Leobardo 0-0: Called Strike
0-1: Swinging Strike
0-2: Foul Ball, location: 2F
0-2: Ball
1-2: Fly out, F8 (Line Drive, 8LM, EV 88.8 MPH)
Batting: SHB Govaart Baars 0-0: Ball
1-0: Swinging Strike
1-1: Fly out, F9 (Flyball, 9, EV 88.8 MPH)
Bottom of the 7th over - 0 runs, 1 hit, 1 error, 1 left on base; Lancaster 2 - Irving 2
TOP OF THE 8TH
Lancaster Farmers batting - Pitching for Irving Blue Sox : RHP Joe Holland
Batting: RHB Eibe Schmidt 0-0: Called Strike
0-1: Foul Ball, location: 2F
0-2: Strikes out swinging, 2-3 out at first.
Batting: RHB Joshua Cadaval 0-0: Ball
1-0: Ball
2-0: Fly out, F7 (Flyball, 7S, EV 87.5 MPH)
Batting: LHB Puck Schit 0-0: DOUBLE (Groundball, 3L, EV 95.0 MPH)
Batting: LHB Fernando Sandoval 0-0: Called Strike
0-1: Ball
1-1: Foul Ball, location: 2F
1-2: Ball
2-2: Foul Ball, location: 2F
2-2: DOUBLE (Flyball, 8LXD, EV 100.0 MPH)
Puck Schit scores
Batting: RHB Curf Pierstisnips 0-0: Ball
1-0: Ball
2-0: Called Strike
2-1: Ball
3-1: Foul Ball, location: 2F
3-2: Strikes out swinging
Top of the 8th over - 1 run, 2 hits, 0 errors, 1 left on base; Lancaster 3 - Irving 2
BOTTOM OF THE 8TH
Irving Blue Sox batting - Pitching for Lancaster Farmers : RHP Tung-chi Ran
Batting: RHB Broderick Sarcoma 0-0: Foul Ball, location: 2F
0-1: Ball
1-1: Ball
2-1: Foul Ball, location: 2F
2-2: SINGLE (Line Drive, 7S, EV 95.6 MPH)
Batting: RHB Juan Perales 0-0: Bunt missed!
0-1: Bunted foul
0-2: SINGLE (Line Drive, 56D, EV 100.0 MPH)
Broderick Sarcoma to second
Batting: SHB Franck Kooijmans 0-0: Called Strike
0-1: Called Strike
0-2: Foul Ball, location: 2F
0-2: SINGLE (Flyball, 7S, EV 85.0 MPH)
Broderick Sarcoma to third
Juan Perales to second
Batting: RHB José García 0-0: Called Strike
0-1: Ball
1-1: Ball
2-1: Foul Ball, location: 2F
2-2: Strikes out looking
Batting: RHB Francis Osborne 0-0: Ball
1-0: Called Strike
1-1: Ball
2-1: Fly out, F9 (Flyball, 9, EV 83.8 MPH)
Batting: LHB Mitchell Pate 0-0: Foul Ball, location: 2F
0-1: Ball
1-1: Fly out, F8 (Line Drive, 8RD, EV 102.5 MPH)
Bottom of the 8th over - 0 runs, 3 hits, 0 errors, 3 left on base; Lancaster 3 - Irving 2
TOP OF THE 9TH
Lancaster Farmers batting - Pitching for Irving Blue Sox : RHP Joe Holland
Pitching: LHP Lex Janssen
Batting: SHB Ray Carey 0-0: Called Strike
0-1: Ball
1-1: Foul Ball, location: 2F
1-2: Ball
2-2: Hit by Pitch
Batting: RHB Álex Chávez 0-0: Ball
1-0: Foul Ball, location: 2F
1-1: Called Strike
1-2: Ball
2-2: DOUBLE (Line Drive, 89XD, EV 106.9 MPH)
Ray Carey to third
Batting: RHB Cord Hosenbeck 0-0: Ball
1-0: Ground out 1-3 (Groundball, 13, EV 72.5 MPH)
Pitching: RHP Cheung Lai
Batting: LHB Bryan Decker 0-0: Intentional Walk
Batting: RHB Eibe Schmidt 0-0: Ball
1-0: Fly out, F6 (Popup, 56D, EV 46.2 MPH)
Batting: RHB Joshua Cadaval 0-0: Ball
1-0: Called Strike
1-1: Swinging Strike
1-2: Ball
2-2: Ball
3-2: Base on Balls
Ray Carey scores
Álex Chávez to third
Bryan Decker to second
Batting: LHB Puck Schit 0-0: Ball
1-0: Ball
2-0: Fly out, F8 (Line Drive, 8RD, EV 97.5 MPH)
Top of the 9th over - 1 run, 1 hit, 0 errors, 3 left on base; Lancaster 4 - Irving 2
BOTTOM OF THE 9TH
Irving Blue Sox batting - Pitching for Lancaster Farmers : RHP Tung-chi Ran
Pitching: RHP Jasper Kirby
Batting: LHB António Escobeda 0-0: Ball
1-0: Called Strike
1-1: Called Strike
1-2: Ball
2-2: SOLO HOME RUN (Flyball, 9D, EV 110.6 MPH), Distance : 392 ft
Batting: LHB Ánibal Leobardo 0-0: Swinging Strike
0-1: Swinging Strike
0-2: Ball
1-2: Foul Ball, location: 2F
1-2: DOUBLE (Flyball, 8LXD, EV 103.1 MPH)
Batting: SHB Govaart Baars 0-0: Ball
1-0: SINGLE (Flyball, 9S, EV 88.8 MPH)
Ánibal Leobardo to third
Runner from 3rd tries for Home, SAFE, throw by RF to home
Batting: RHB Broderick Sarcoma 0-0: Foul Ball, location: 2F
0-1: Ball
1-1: Called Strike
1-2: Ball
2-2: SINGLE (Groundball, 34, EV 98.1 MPH)
Govaart Baars to second
Runner from 2nd tries for 3rd, SAFE, throw by RF made to third
Batting: RHB Juan Perales 0-0: Swinging Strike
0-1: Foul Ball, location: 2F
0-2: Ball
1-2: Ball
2-2: Foul Ball, location: 2F
2-2: Foul Ball, location: 2F
2-2: Ball
3-2: Foul Ball, location: 2F
3-2: Base on Balls
Broderick Sarcoma to second
Batting: SHB Franck Kooijmans 0-0: Called Strike
0-1: Ball
1-1: Ball
2-1: Ball
3-1: Base on Balls
Govaart Baars scores
Broderick Sarcoma to third
Juan Perales to second
Thursday, January 23rd, 2020 - OOTP Baseball 20.8 Build 74